 Dungeon Crawl Stone Soup version 0.32-a0-471-gb91d5d9764 (webtiles) character file.

Game seed: 7875455113553251814

246 Alarak the Covered (level 6, -7/51 HPs)
             Began as a Formicid Fighter on Feb 25, 2024.
             Mangled by an ogre
             ... wielding a +0 giant club
              (21 damage)
             ... on level 4 of the Dungeon.
             The game lasted 00:08:46 (3199 turns).

Alarak the Covered (Formicid Fighter)               Turns: 3199, Time: 00:08:47

Health: -7/51      AC:  9    Str: 29    XL:     6   Next: 33%
Magic:  0/6        EV: 10    Int: 13    God:
Gold:   244        SH:  6    Dex: 13    Spells: 5/5 levels left

rFire   . . .        a - +0 war axe
rCold   . . .        c - +1 buckler
rNeg    . . .        e - +2 ring mail {rPois}
rPois   +            (helmet unavailable)
rElec   .            (no cloak)
rCorr   .            (no gloves)
SInv    +            l - +0 pair of boots
Will    .....        m - amulet of guardian spirit
Stlth   +            j - +6 ring of intelligence
HPRegen 0.28/turn    f - +6 ring of strength
MPRegen 0.10/turn

%: guardian spirit
@: no status effects
A: permanent stasis, dig shafts and tunnels, antennae 3, four strong arms
a: Dig, Shaft Self


You were on level 4 of the Dungeon.
You visited 1 branch of the dungeon, and saw 4 of its levels.

You collected 244 gold pieces.

Inventory:

Hand Weapons
 a - a +0 war axe (weapon)
Missiles
 q - 3 poisoned darts
Armour
 c - a +1 buckler (worn)
 e - a +2 ring mail of poison resistance (worn)
 l - a +0 pair of boots (worn)
Jewellery
 f - a +6 ring of strength (right hand)
 h - a +6 ring of intelligence
 j - a +6 ring of intelligence (left hand)
 m - an amulet of guardian spirit (around neck)
Scrolls
 k - a scroll of acquirement
 n - a scroll of revelation {unknown}
 p - a scroll of identify {unknown}
Potions
 b - a potion of mutation {unknown}
 d - a potion of might
 g - a potion of enlightenment {unknown}
 i - 2 potions of brilliance {unknown}
 o - a potion of curing {unknown}


   Skills:
 - Level 5.0 Fighting
 + Level 2.5 Axes
 - Level 5.3 Armour
 - Level 5.0 Shields


You had 5 spell levels left.
You didn't know any spells.
Your spell library contained the following spells:

 Spells                   Type           Power      Damage    Failure   Level
 Lesser Beckoning         Tloc           0%         N/A       58%         2
 Momentum Strike          Conj/Tloc      0%         3d8       58%         2
 Blink                    Tloc           Unusable   N/A       N/A         2

Dungeon Overview and Level Annotations

Branches:
Dungeon (4/15)
 Temple: D:4-7

Altars:
Dithmenos
Uskayaw
Xom

Shops:
D:4 :

Annotations:
D:3 3 runed translucent doors, Goblin1989's ghost, weakling DsDe


Innate Abilities, Weirdness & Mutations

You cannot be hasted, slowed, berserked, paralysed or teleported.
You can dig through walls and to a lower floor.
You have a pair of large antennae on your head. (SInv)
Your four strong arms can wield two-handed weapons with a shield.


Message History

Found Dupseqesk's Book Boutique.
m - an amulet of guardian spirit You start putting on your amulet.
You continue putting on your amulet of guardian spirit. x5
You finish putting on your amulet of guardian spirit.
You feel your power drawn to a protective spirit.
m - an amulet of guardian spirit (around neck)
There is an entrance to Dupseqesk's Book Boutique here.
n - a scroll labelled NEGEIH PYLAYV You see here a +0 whip.
o - a silvery potion
p - a scroll labelled FEMNAE POOSOUWK An ogre is nearby!
An ogre is nearby!
Okay, then.
Okay, then.
Search for what [Enter for "weapon", or ? for help]? throwing An ogre is nearby!
The ogre shouts!
An ogre is nearby!
An ogre is nearby!
The teleport trap disappears.
The ogre disappears!
You see here 9 gold pieces.
You see here a ball python skeleton.
Found 3 stones.
Things that are here:
3 poisoned darts; a +0 dagger; a kobold skeleton
q - 3 poisoned darts The ogre hits you with a +0 giant club!!
Found a dagger.
The ogre attacks as it pursues you! The ogre barely misses you.
You see here a +0 dagger.
You block the ogre's attack. The ogre attacks as it pursues you!
The ogre barely misses you. The ogre attacks as it pursues you!
The ogre hits you with a +0 giant club!!
* * * LOW HITPOINT WARNING * * *
The ogre attacks as it pursues you!
The ogre hits you with a +0 giant club!!
You die...

#.###.<.........##
#.....##.######... ###....##..#
###.## ###...##.....## ##.....
###...######.#..# ....#...
#...### #.##.##.# ###. #.###
###.##.#..# #..
####.########........######..
#..........O@..###.###..†.O.#
###......#######.###.#...#...##
##........# ###..............##
#..####...###.....######.....#
#.##..##.......#### ##....#
#.#..)÷$......## #.(..#
#.#..##÷......# #....#
#.##()##.#.#### #....#
#..##..#.#.# #....#


You could see an ogre.

Vanquished Creatures
  A black bear (D:4)
  6 adders
  A dart slug (D:4)
  2 ribbon worms
  2 orcs
  10 ball pythons
  7 bats
  5 endoplasms
  13 giant cockroaches
  5 goblins
  6 hobgoblins
  3 jackals (D:1)
  10 kobolds
  2 quokkas
  11 frilled lizards
  3 rats
87 creatures vanquished.

Notes
Turn   | Place    | Note
-------+----------+-------------------------------------------
     0 | D:1      | Alarak the Formicid Fighter began the quest for the Orb.
     0 | D:1      | Reached XP level 1. HP: 18/18 MP: 1/1
    37 | D:1      | Reached XP level 2. HP: 25/25 MP: 2/2
   376 | D:1      | Reached XP level 3. HP: 30/31 MP: 3/3
   650 | D:2      | Reached skill level 5 in Fighting
   763 | D:2      | Reached XP level 4. HP: 39/39 MP: 4/4
  1515 | D:3      | Reached skill level 5 in Shields
  1615 | D:3      | Reached XP level 5. HP: 36/44 MP: 5/5
  1685 | D:3      | Found a shadowy altar of Dithmenos.
  1703 | D:3      | Found a hide-covered altar of Uskayaw.
  1787 | D:3      | Found a faded altar of an unknown god.
  1916 | D:3      | Found a runed translucent gate.
  1916 | D:3      | Found a runed translucent gate.
  1916 | D:3      | Found a runed translucent gate.
  1917 | D:3      | Noticed a kobold brigand
  1917 | D:3      | Noticed Goblin1989's ghost (weakling DsDe)
  1997 | D:3      | Found a shimmering altar of Xom.
  2424 | D:4      | Identified a scroll of acquirement
  2434 | D:4      | Noticed a black bear
  2454 | D:4      | Killed a black bear
  2455 | D:4      | Reached skill level 5 in Armour
  2455 | D:4      | Reached XP level 6. HP: 17/51 MP: 6/6
  2657 | D:4      | Noticed an ogre
  3061 | D:4      | Found Dupseqesk's Book Boutique.
  3199 | D:4      | Mangled by an ogre

Illustrated notes

Levels and vault maps discovered:
D:1:      roderic_crop_circles_arrival_small, layout_rooms, minmay_lizard_pond
D:2:      layout_basic, minmay_cut_off
D:3:      minmay_roachtagon, layout_basic, mainiacjoe_overflow_swirl,
          xom_butterflies, chequers_ecumenical_altar_grove,
          gammafunk_ghost_nasty_kobolds
D:4:      layout_rooms, serial_shops, shop, minmay_close_crescents

Skill      XL: |  1  2  3  4  5 |
---------------+----------------+-----
Fighting       | 4 5 |  5.0
Shields        | 5 |  5.0
Armour         | 5 |  5.3
Axes           | |  2.5

Action                     |  1- 3 |  4- 6 || total
---------------------------+-------+-------++-------
  Melee: War axe           |   192 |   110 ||   302
Ability: Dig               |     4 |       ||     4
    Use: Scroll            |       |     2 ||     2
 Armour: Scale mail        |    17 |       ||    17
         Ring mail         |    36 |    79 ||   115
  Dodge: Dodged            |    41 |    71 ||   112
  Block: Buckler           |    25 |    33 ||    58

Table legend: (Time is in decaauts)
 A = Elapsed time spent in this place.
 B = Non-inter-level travel time spent in this place.
 C = Inter-level travel time spent in this place.
 D = Time resting spent in this place.
 E = Time spent auto-exploring this place.
 F = Levels seen in this place.
 G = Mean time per level.
                   A        B        C        D        E       F      G
               +--------+--------+--------+--------+--------+-----+--------+
         Total |   3328 |   3003 |    325 |    228 |   1959 |   4 |  832.0 |
       Dungeon |   3328 |   3003 |    325 |    228 |   1959 |   4 |  832.0 |
               +--------+--------+--------+--------+--------+-----+--------+

Top non-repeatable levels by time:
     D:3: 1523 daAuts
     D:1: 700 daAuts
     D:2: 588 daAuts
     D:4: 516 daAuts
